 Dungeon Crawl Stone Soup version 0.28-a0-750-g7c675f85b1 (webtiles) character file.

Game seed: 13336497984092418266

176 ytrimaz the Chopper (level 5, -3/39 HPs)
             Began as a Demonspawn Gladiator on Oct 29, 2021.
             Slain by an orc warrior (11 damage)
             ... on level 4 of the Dungeon.
             The game lasted 00:02:42 (2962 turns).

ytrimaz the Chopper (Demonspawn Gladiator)          Turns: 2962, Time: 00:02:44

Health: -3/39      AC:  7    Str: 15    XL:     5   Next: 30%
Magic:  5/5        EV: 13    Int: 10    God:
Gold:   147        SH:  0    Dex: 14    Spells: 4/4 levels left

rFire   . . .      SeeInvis .   a - +0 war axe
rCold   . . .      Faith    .   (no shield)
rNeg    . . .      Spirit   .   b - +0 leather armour
rPois   .          Reflect  .   c - +0 helmet
rElec   .          Harm     .   (no cloak)
rCorr   .          Rampage  .   (no gloves)
Will    .....                   (no boots)
Stlth   +.........              (no amulet)
HPRegen 0.13/turn               (no ring)
MPRegen 0.09/turn               (no ring)

@: on berserk cooldown
A: icy blue scales 2, spiny 1, weakness stinger 1
a: no special abilities


You were on level 4 of the Dungeon.
You visited 1 branch of the dungeon, and saw 4 of its levels.

You collected 147 gold pieces.

Inventory:

Hand Weapons
 a - a +0 war axe (weapon)
Missiles
 d - 3 throwing nets (quivered)
Armour
 b - a +0 leather armour (worn)
 c - a +0 helmet (worn)
 e - a +0 plate armour
Jewellery
 f - an amulet of magic regeneration
Scrolls
 k - a scroll of noise
 m - 2 scrolls of magic mapping
Potions
 h - a potion of curing
 l - a potion of berserk rage


   Skills:
 + Level 2.7 Fighting
 + Level 4.3 Axes
 - Level 1.7 Throwing
 * Level 4.0 Dodging


You had 4 spell levels left.
You didn't know any spells.
Your spell library contained the following spells:

 Spells                   Type           Power      Damage    Failure   Level
 Ozocubu's Armour         Ice            0%         N/A       80%         3
 Metabolic Englaciation   Hex/Ice        0%         N/A       100%        5
 Simulacrum               Ice/Necr       0%         N/A       100%        6


Dungeon Overview and Level Annotations

Branches:
Dungeon (4/15)
 Temple: D:4-7

Altars:


Innate Abilities, Weirdness & Mutations

You are mostly covered in icy blue scales. (AC +3)
You are partially covered in sharp spines.
You have a small tail.


Message History

The orc warrior closely misses you.
It was a potion of lignification.
You turn into a tree.
Your +0 helmet melds into your body.
Your +0 leather armour melds into your body.
Your roots penetrate the ground.
The orc warrior hits you but does no damage.
You cannot move.
Okay, then.
It was a potion of berserk rage.
A red film seems to cover your vision as you go berserk!
You feel yourself moving faster!
You feel mighty!
The orc warrior hits you from afar with a +0 trident.
You are too berserk!
You cannot move.
You cannot move.
You swing at nothing.
You feel a strong urge to attack something.
The orc priest calls down the wrath of Beogh upon you.
Beogh smites you!
You hear a shout!
You swing at nothing.
The orc warrior hits you but does no damage.
You swing at nothing.
You feel your anger nearly subside.
The orc warrior hits you from afar with a +0 trident.
You swing at nothing.
You are no longer berserk.
You are exhausted.
You feel yourself slow down.
The orc warrior hits you from afar with a +0 trident!
* * * LOW HITPOINT WARNING * * *
An orc comes into view. It is wielding a +0 war axe.
Your magical effects are unravelling.
You feel magically purged.
You feel less wooden.
Your +0 helmet unmelds from your body.
Your +0 leather armour unmelds from your body.
You feel yourself speed up.
The orc warrior hits you from afar with a +0 trident!
You die...

......#.# ... .....#.#
..# #.....# #o####.>.#
≈ #o##.....####### ≈.o
#o##.##........#
≈≈..###o##.####..###.#
≈P....†.##.# #...##.#
#.@...####...##...#
##...........# #..
.......#####...######
..##..#...<...........
#.##..#############
... .... #### .#... ..
.#.#


You could see an orc warrior, an orc priest and 3 orcs.

Vanquished Creatures
  An orc priest (D:3)
  An orc wizard (D:3)
  Robin (D:3)
  An adder (D:2)
  2 worms
  A dart slug (D:3)
  2 orcs (D:3)
  4 endoplasms
  6 giant cockroaches
  12 hobgoblins
  14 jackals
  6 kobolds
  A quokka (D:1)
  2 ball pythons (D:1)
  5 bats
  9 frilled lizards
  9 goblins
  3 rats
80 creatures vanquished.

Notes
Turn   | Place    | Note
-------+----------+-------------------------------------------
     0 | D:1      | ytrimaz the Demonspawn Gladiator began the quest for the
                  | Orb.
     0 | D:1      | Reached XP level 1. HP: 16/16 MP: 1/1
   233 | D:1      | Gained mutation: You are partially covered in sharp spines.
                  | [demonic ancestry]
   233 | D:1      | Reached XP level 2. HP: 12/22 MP: 2/2
   849 | D:1      | Gained mutation: You are partially covered in icy blue
                  | scales. (AC +2) [demonic ancestry]
   849 | D:1      | Reached XP level 3. HP: 19/27 MP: 3/3
  1973 | D:3      | Gained mutation: You have a small tail. [demonic ancestry]
  1973 | D:3      | Reached XP level 4. HP: 30/34 MP: 4/4
  2575 | D:3      | Gained mutation: You are mostly covered in icy blue scales.
                  | (AC +3) [demonic ancestry]
  2575 | D:3      | Reached XP level 5. HP: 38/39 MP: 5/5
  2596 | D:3      | Noticed Robin
  2618 | D:3      | Killed Robin
  2950 | D:4      | Noticed an orc warrior
  2962 | D:4      | Slain by an orc warrior

Illustrated notes

Levels and vault maps discovered:
D:1:      kilobyte_arrival_exit_the_forest, layout_rooms
D:2:      layout_loops_ring
D:3:      layout_basic, uniq_robin
D:4:      layout_rooms, zin_purify, chequers_big_river

Skill      XL: |  1  2  3  4  5 |
---------------+----------------+-----
Dodging        | 3 4 |  4.0
Axes           | 3 4 |  4.3
Fighting       | |  2.7
Throwing       | |  1.7

Action                   |  1- 3 |  4- 6 || total
-------------------------+-------+-------++-------
Melee: War axe           |    85 |    44 ||   129
       Tailslap          |       |     5 ||     5
  Use: Scroll            |     3 |     2 ||     5
       Potion            |       |     4 ||     4
 Stab: Sleeping          |       |     1 ||     1
Armor: Leather armour    |    36 |    20 ||    56
       Skin              |       |     2 ||     2
Dodge: Dodged            |    57 |    32 ||    89

Table legend: (Time is in decaauts)
 A = Elapsed time spent in this place.
 B = Non-inter-level travel time spent in this place.
 C = Inter-level travel time spent in this place.
 D = Time resting spent in this place.
 E = Time spent auto-exploring this place.
 F = Levels seen in this place.
 G = Mean time per level.
                   A        B        C        D        E       F      G
               +--------+--------+--------+--------+--------+-----+--------+
         Total |   3009 |   2963 |     46 |      0 |   2455 |   4 |  752.2 |
       Dungeon |   3009 |   2963 |     46 |      0 |   2455 |   4 |  752.2 |
               +--------+--------+--------+--------+--------+-----+--------+

Top non-repeatable levels by time:
     D:1: 1035 daAuts
     D:3: 1001 daAuts
     D:2: 929 daAuts
     D:4: 42 daAuts
